 Dungeon Crawl Stone Soup version 0.31-a0-202-g547052bce9 (webtiles) character file.

Game seed: 10089659589253409628

1516 qw the Skirmisher (level 8, -4/46 HPs)
             Began as a Deep Elf Hunter on June 26, 2023.
             Was a Believer of Okawaru.
             Slain by Joseph
             ... wielding a +0 quarterstaff
              (12 damage)
             ... on level 7 of the Dungeon.
             The game lasted 00:01:42 (4632 turns).

qw the Skirmisher (Deep Elf Hunter)                 Turns: 4632, Time: 00:01:43

Health: -4/46      AC: 11    Str: 10    XL:     8   Next: 53%
Magic:  11/13      EV: 20    Int: 15    God:    Okawaru [**....]
Gold:   366        SH:  0    Dex: 20    Spells: 7/7 levels left

rFire   + . .        Y - +3 shortbow
rCold   . . .        (shield currently unavailable)
rNeg    + . .        f - +2 ring mail
rPois   +            (no helmet)
rElec   .            b - +0 cloak
rCorr   .            (no gloves)
SInv    .            o - +0 pair of boots of Keatauh {rPois rN+ Will- Dex+2}
Will    .....        (no amulet)
Stlth   +++          i - +5 ring of evasion
HPRegen 0.27/turn    c - ring of protection from fire
MPRegen 0.13/turn

%: no passive effects
@: about to teleport, heroic
A: no striking features
a: Renounce Religion, Heroism


You were on level 7 of the Dungeon.
You worshipped Okawaru.
Okawaru was pleased with you.
You visited 1 branch of the dungeon, and saw 7 of its levels.

You collected 366 gold pieces.


   Skills:
 - Level 3.0(8.0) Fighting
 + Level 12.3(17.3) Ranged Weapons
 - Level 1.7(6.7) Armour
 - Level 4.1(9.1) Dodging
 - Level 1.2(6.2) Stealth
 - Level 4.0 Invocations


You had 7 spell levels left.
You didn't know any spells.
Your spell library was empty.

Inventory:

Hand Weapons
 Y - a +3 shortbow (weapon)
Armour
 b - a +0 cloak (worn)
 f - a +2 ring mail (worn)
 o - the +0 pair of boots of Keatauh (worn) {rPois rN+ Will- Dex+2}
   (You acquired it on level 4 of the Dungeon)

   Dex:       It affects your dexterity (+2).
   rPois:     It protects you from poison.
   rN:        It protects you from negative energy.
   Will:      It decreases your willpower.
Jewellery
 c - a ring of protection from fire (right hand)
 i - a +5 ring of evasion (left hand)
 l - a ring of willpower
 q - a ring of protection from cold
Scrolls
 h - 5 scrolls of identify
 n - a scroll of teleportation
Potions
 a - a potion of cancellation
 d - 2 potions of curing
 e - a potion of mutation
 j - a potion of resistance {unknown}
 k - a potion of haste
 m - a potion of enlightenment {unknown}
 r - a potion of might {unknown}

Dungeon Overview and Level Annotations

Branches:
Dungeon (7/15)             Temple (0/1) D:6

Altars:
Kikubaaqudgha
Makhleb
Okawaru
Uskayaw

Annotations:
D:7 1 runed translucent door, Crazy Yiuf, Joseph


Message History

Enter note:
Enter note:
Enter note:
Enter note:
Enter note:
Enter note: You shoot an arrow.
The arrow hits the centaur.
The centaur is moderately wounded.
The centaur shoots an arrow.
The arrow hits you but does no damage.
You shoot an arrow. The arrow barely misses the centaur.
The centaur shoots an arrow.
The arrow hits you.
You shoot an arrow. The arrow hits the centaur.
The centaur is moderately wounded.
The centaur shoots an arrow.
The arrow hits you but does no damage.
You shoot an arrow. The arrow hits the centaur.
The centaur is heavily wounded.
The centaur shoots an arrow.
The arrow hits you.
You shoot an arrow. The arrow hits the centaur.
The centaur is severely wounded.
The centaur unwields a +0 orcbow.
The centaur hits you.
The centaur kicks you but does no damage.
You shoot an arrow. The arrow hits the centaur!
You kill the centaur!
Okawaru accepts your kill.
Joseph, a Mercenary comes into view.
He is wielding a +0 quarterstaff.
You shoot an arrow. The arrow closely misses Joseph.
You shoot an arrow. The arrow hits Joseph.
Joseph is lightly wounded.
Joseph hits you with a +0 quarterstaff!!
4630 ||| INVOKING Heroism.
You gain the combat prowess of a mighty hero.
Joseph hits you with a +0 quarterstaff!
4631 ||| READING 2 scrolls of teleportation.
As you read the scroll of teleportation, it crumbles to dust.
You feel strangely unstable. Joseph hits you with a +0 quarterstaff.
You shoot an arrow. The arrow hits Joseph!
Joseph is moderately wounded.
Joseph hits you with a +0 quarterstaff!
You die...

.PP.7
##..####.........
7PP.7
##.>..#.........
77.77
####...........
77.7 #.#
##..<....... 7.77
#..# #..........
77.7 ##.###
###............
7.77 .....##
#....##.........
#+#
#.##..####..###
#####.#### ...
##.###....@.# .#
...#
#.........@## .#
)..#
#..............
####
##.##...........
#..#####.####...
#########.## #...
.. ......# #.>##
##### .
...#######).#
............#


You could see Joseph.

Vanquished Creatures
  A water moccasin (D:6)
  An orc warrior (D:5)
  2 ice beasts
  2 centaurs
  2 phantoms (D:5)
  2 bullfrogs (D:6)
  4 scorpions
  A jelly (D:6)
  A sleepcap (D:5)
  3 hounds
  Jessica (D:2)
  2 iguanas (D:4)
  Ijyb (D:3)
  An orc wizard (D:5)
  7 adders
  A shadow imp (D:7)
  2 white imps (D:5)
  2 ufetubi
  4 dart slugs
  12 orcs
  5 endoplasms
  4 giant cockroaches
  7 hobgoblins
  4 quokkas
  9 ball pythons
  6 bats
  2 frilled lizards
  5 goblins
  8 kobolds
  4 rats
106 creatures vanquished.

Notes
Turn   | Place    | Note
-------+----------+-------------------------------------------
     0 | D:1      | qw the Deep Elf Hunter began the quest for the Orb.
     0 | D:1      | Reached XP level 1. HP: 12/12 MP: 3/3
     0 | D:1      | 0 ||| qw: Version: 0.3-a-22-g0ed2b0b
     0 | D:1      | 0 ||| qw: Game counter: 6234
     0 | D:1      | 0 ||| qw: Melee chars always use a shield: true
     0 | D:1      | 0 ||| qw: God list: Okawaru
     0 | D:1      | 0 ||| qw: Allow faded altars: false
     0 | D:1      | 0 ||| qw: Do Orc after clearing Dungeon:15 true
     0 | D:1      | 0 ||| qw: Do second Lair branch before Depths: true
     0 | D:1      | 0 ||| qw: Lair rune preference: random
     0 | D:1      | 0 ||| qw: Goals: Normal
     0 | D:1      | 0 ||| PLANNING D:1-11
    38 | D:1      | Reached XP level 2. HP: 16/16 MP: 4/4
    43 | D:1      | Reached skill level 6 in Ranged Weapons
   355 | D:1      | 355 ||| UPGRADING to +5 ring of evasion.
   356 | D:1      | 356 ||| READING scroll labelled VOFONW GARE.
   357 | D:1      | 357 ||| READING 3 scrolls labelled COPOAPETOM.
   358 | D:1      | 358 ||| READING 2 scrolls of enchant weapon.
   358 | D:1      | 358 ||| ENCHANTING +1 shortbow.
   359 | D:1      | 359 ||| READING scroll of enchant weapon.
   359 | D:1      | 359 ||| ENCHANTING +2 shortbow.
   360 | D:1      | 360 ||| READING scroll labelled AHYFEQ YVVYUFO.
   361 | D:1      | 361 ||| READING 4 scrolls labelled LEH UNLITIGONG.
   362 | D:1      | 362 ||| READING 2 scrolls labelled REATEMM NEHAN.
   363 | D:1      | 363 ||| DROPPING scroll of butterflies.
   364 | D:1      | 364 ||| DROPPING 3 scrolls of noise.
   623 | D:2      | 623 ||| Stepping ~*~*~tactically~*~*~ (water).
   628 | D:2      | Reached XP level 3. HP: 20/20 MP: 5/5
   631 | D:2      | Noticed Jessica
   639 | D:2      | Killed Jessica
   640 | D:2      | Reached skill level 7 in Ranged Weapons
   942 | D:2      | Reached XP level 4. HP: 25/25 MP: 6/6
  1161 | D:2      | 1161 ||| UPGRADING to +0 ring mail.
  1171 | D:2      | 1171 ||| DROPPING +0 leather armour.
  1172 | D:2      | 1172 ||| UPGRADING to ring of willpower.
  1173 | D:2      | 1173 ||| READING scroll labelled QUBYLEFORR.
  1174 | D:2      | 1174 ||| READING scroll labelled LUGEVV DATEDA.
  1275 | D:2      | 1275 ||| READING 3 scrolls labelled EMNUFOXT JAOF.
  1276 | D:2      | 1276 ||| READING 2 scrolls of enchant armour.
  1276 | D:2      | 1276 ||| ENCHANTING +0 ring mail.
  1277 | D:2      | 1277 ||| READING scroll of enchant armour.
  1277 | D:2      | 1277 ||| ENCHANTING +1 ring mail.
  1278 | D:2      | 1278 ||| DRINKING 2 bubbling pink potions.
  1279 | D:2      | 1279 ||| DRINKING 2 smoky clear potions.
  1280 | D:2      | 1280 ||| DRINKING 2 puce potions.
  1281 | D:2      | 1281 ||| DROPPING potion of degeneration.
  1344 | D:3      | Noticed Ijyb
  1351 | D:3      | Killed Ijyb
  1352 | D:3      | Reached skill level 8 in Ranged Weapons
  1404 | D:3      | You fall into a shaft and drop 1 floor!
  1409 | D:4      | Found an ancient bone altar of Kikubaaqudgha.
  1527 | D:4      | Reached XP level 5. HP: 29/29 MP: 7/7
  1541 | D:4      | 1541 ||| UPGRADING to +0 cloak.
  1546 | D:4      | 1546 ||| UPGRADING to ring of protection from fire.
  1548 | D:4      | 1548 ||| READING 2 scrolls of identify.
  1548 | D:4      | 1548 ||| IDENTIFYING clear potion
  1940 | D:3      | Found an iron altar of Okawaru.
  1941 | D:3      | 1941 ||| PLANNING OKAWARU WORSHIP
  1941 | D:3      | 1941 ||| READING scroll labelled GONINU DASUSH.
  1942 | D:3      | 1942 ||| READING scroll labelled IKUHUE KEGHUEF.
  1950 | D:3      | Became a worshipper of Warmaster Okawaru
  1951 | D:3      | 1951 ||| PLANNING D:1-11
  2030 | D:4      | Reached skill level 9 in Ranged Weapons
  2038 | D:4      | Reached * piety under Okawaru
  2039 | D:4      | Reached XP level 6. HP: 35/35 MP: 8/8
  2042 | D:4      | 2042 ||| INVOKING Heroism.
  2077 | D:4      | 2077 ||| FLEEEEING.
  2080 | D:4      | 2080 ||| FLEEEEING.
  2378 | D:4      | 2378 ||| INVOKING Heroism.
  2380 | D:4      | Reached skill level 10 in Ranged Weapons
  2380 | D:4      | Reached skill level 1 in Invocations
  2690 | D:4      | 2690 ||| READING 2 scrolls labelled WAAMAU RYJORA.
  2694 | D:4      | 2694 ||| READING scroll labelled IWNAOM SEDA.
  2694 | D:4      | Identified a scroll of acquirement
  2694 | D:4      | 2694 ||| ACQUIRING +0 pair of boots of Keatauh {rPois rN+
                  | Will- Dex+2}
  2694 | D:4      | Acquired the +0 pair of boots of Keatauh {rPois rN+ Will-
                  | Dex+2}
  2696 | D:4      | 2696 ||| UPGRADING to +0 pair of boots of Keatauh {rPois
                  | rN+ Will- Dex+2}.
  2701 | D:4      | 2701 ||| READING scroll labelled TUTETE VOAWER.
  2702 | D:4      | 2702 ||| DRINKING 2 dark potions.
  2703 | D:4      | 2703 ||| DROPPING potion of attraction.
  2722 | D:5      | Entered Level 5 of the Dungeon
  2794 | D:5      | 2794 ||| INVOKING Heroism.
  2798 | D:5      | Reached skill level 3 in Dodging
  2937 | D:5      | Noticed an ice beast
  2942 | D:5      | Killed an ice beast
  2943 | D:5      | Reached skill level 1 in Armour
  2943 | D:5      | Reached XP level 7. HP: 40/40 MP: 10/10
  3032 | D:5      | 3032 ||| INVOKING Heroism.
  3054 | D:5      | 3054 ||| INVOKING Heroism.
  3147 | D:5      | Reached skill level 3 in Invocations
  3495 | D:5      | 3495 ||| READING 2 scrolls of identify.
  3495 | D:5      | 3495 ||| IDENTIFYING lumpy amethyst potion
  3588 | D:6      | Reached skill level 11 in Ranged Weapons
  3620 | D:6      | Reached XP level 8. HP: 44/44 MP: 13/13
  3758 | D:6      | Reached ** piety under Okawaru
  3781 | D:6      | Noticed a +0 spear
  3781 | D:6      | Noticed a +0 falchion
  3782 | D:6      | Noticed a +0 dagger
  3782 | D:6      | Noticed a +0 short sword
  3782 | D:6      | Noticed a +0 spear
  3783 | D:6      | Noticed a +0 falchion
  3784 | D:6      | Noticed a +0 dagger
  3784 | D:6      | Noticed a +0 short sword
  3796 | D:6      | Found a hide-covered altar of Uskayaw.
  3920 | D:6      | 3920 ||| INVOKING Heroism.
  3924 | D:6      | Reached skill level 12 in Ranged Weapons
  4164 | D:6      | Found a staircase to the Ecumenical Temple.
  4292 | D:6      | 4292 ||| DROPPING +0 pair of boots of rampaging.
  4293 | D:6      | 4293 ||| DRINKING 3 brown potions.
  4294 | D:6      | 4294 ||| DROPPING 2 potions of brilliance.
  4367 | D:7      | Found a burning altar of Makhleb.
  4367 | D:7      | Noticed an Executioner
  4370 | D:7      | Noticed a smoke demon
  4370 | D:7      | Noticed an orange demon
  4465 | D:7      | Found a runed translucent door.
  4466 | D:7      | Noticed Crazy Yiuf
  4499 | D:7      | Reached skill level 3 in Fighting
  4627 | D:7      | Noticed Joseph
  4630 | D:7      | 4630 ||| INVOKING Heroism.
  4630 | D:7      | HP: 9/46 [Joseph/+0 quarterstaff (11)]
  4631 | D:7      | 4631 ||| READING 2 scrolls of teleportation.
  4632 | D:7      | Slain by Joseph

Levels and vault maps discovered:
D:1:      lightli_arrival_quake, layout_rooms
D:2:      layout_basic, chequers_serial_rivers_large_a, lightli_corner_chamber,
          uniq_jessica
D:3:      layout_basic, marbit_many_paths, uniq_ijyb
D:4:      layout_loops_ring, mainiacjoe_overflow_paths, minmay_vboxes
D:5:      layout_basic
D:6:      layout_gridville, nicolae_uskayaw_en_pointe,
          minmay_temple_entry_wispy, minmay_tree_intersection, minmay_liquid_box
D:7:      layout_rooms, makhleb_altar_promises_db, uniq_crazy_yiuf_cottage,
          uniq_joseph

Skill      XL: |  1  2  3  4  5  6  7  8 |
---------------+-------------------------+-----
Ranged Weapons | 6 7 8 9 10 11 12 | 12.3
Fighting       | 2 3 |  3.0
Invocations    | 1 4 |  4.0
Dodging        | 3 4 |  4.1
Armour         | 1 |  1.7
Stealth        | |  1.2

Action                     |  1- 3 |  4- 6 |  7- 9 || total
---------------------------+-------+-------+-------++-------
   Fire: Shortbow          |    82 |   141 |   116 ||   339
 Invoke: Heroism           |       |     3 |     4 ||     7
    Use: Scroll            |     7 |    11 |     2 ||    20
         Potion            |       |     4 |     1 ||     5
 Armour: Leather armour    |    13 |       |       ||    13
         Ring mail         |       |    17 |    10 ||    27
  Dodge: Dodged            |    20 |    54 |    37 ||   111

Table legend:
 A = Non-vault XP
 B = Vault XP
 C = Vault XP percentage of total XP
 D = Non-vault monster count
 E = Vault monster count
 F = Vault count percentage of total count
                 A         B        C        D         E       F
            +---------+---------+-------+---------+---------+-------
      Total |    1918 |     248 |  11.4 |      96 |      10 |   9.4
            +---------+---------+-------+---------+---------+-------
        D:1 |      32 |       0 |   0.0 |      20 |       0 |   0.0
        D:2 |      29 |      37 |  56.1 |      10 |       1 |   9.1
        D:3 |      67 |      37 |  35.6 |      20 |       2 |   9.1
        D:4 |     225 |     174 |  43.6 |      17 |       7 |  29.2
        D:5 |     676 |       0 |   0.0 |      16 |       0 |   0.0
        D:6 |     639 |       0 |   0.0 |       7 |       0 |   0.0
        D:7 |     250 |       0 |   0.0 |       6 |       0 |   0.0
            +---------+---------+-------+---------+---------+-------
